 Dungeon Crawl Stone Soup version 0.17-a0-2073-gde5cdba (webtiles) character file.

305 evilmojo the Ducker (level 6, 0/61 HPs)
             Began as a Troll Fighter on Oct 15, 2015.
             Slain by an orc priest
             ... wielding a +2 whip of freezing
              (2 damage)
             ... on level 5 of the Dungeon.
             The game lasted 00:19:26 (2700 turns).

evilmojo the Ducker (Troll Fighter)                 Turns: 2700, Time: 00:19:26

Health: 0/61       AC:  5    Str: 27      XL:     6   Next: 16%
Magic:  5/5        EV:  8    Int:  4      God:
Gold:   182        SH:  9    Dex:  7 (9)  Spells: 2 memorised, 3 levels left

rFire  + . .     SeeInvis .     l - +2 hand axe (chop)
rCold  + . .     Clarity  .     b - +0 robe
rNeg   . . .     SustAt   .     c - +0 shield
rPois  +         Gourm    +     (helmet restricted)
rElec  +         Spirit   .     (no cloak)
rCorr  +         Warding  .     (gloves unavailable)
rMut   .         Stasis   .     (boots unavailable)
MR     .....                    (no amulet)
Stlth  +.........               (no ring)
                                (no ring)

@: resistant, not resistant to hostile enchantments, very unstealthy
A: unfitting armour, claws 3, fast metabolism 3, gourmand, regeneration 2,
shaggy fur 1, tough skin 2
a: no special abilities


You were on level 5 of the Dungeon.
You were near starving.

You visited 1 branch of the dungeon, and saw 5 of its levels.

You collected 182 gold pieces.

Inventory:

Hand Weapons
 d - a +0 giant club
 l - a +2 hand axe of chopping (weapon)
 s - a +0 hunting sling
 B - a +0 war axe
Missiles
 j - 46 poisoned needles
 q - 10 steel bolts
 u - 48 bolts
 y - 25 stones (quivered)
Armour
 b - a +0 robe (worn)
 c - a +0 shield (worn)
 h - a +0 animal skin
 m - a +0 cloak
 n - a cursed +0 chain mail
 o - a +0 helmet
 w - a +0 leather armour
 A - a +0 helmet
Wands
 g - a wand of random effects (22)
Scrolls
 i - a scroll of blinking {unknown}
 k - a scroll of noise {unknown}
 p - 2 scrolls of identify
 C - a scroll of remove curse
Potions
 t - a potion of flight
 z - a potion of curing
Books
 a - Sif Muna's Guide on Shape Shifting
   (You found it on level 2 of the Dungeon)

   Spells                             Type                      Level
   a - Beastly Appendage              Transmutation                1
 e - Kikubaaqudgha's Disquisition on Black Magic
   (You found it on level 2 of the Dungeon)

   Spells                             Type                      Level
   a - Animate Skeleton               Necromancy                   1
 f - Vehumet's Guide on Arcane Weapons
   (You found it on level 2 of the Dungeon)

   Spells                             Type                      Level
   a - Magic Dart                     Conjuration                  1
 x - a book of Battle

   Spells                             Type                      Level
   a - Infusion                       Charms                       1
   b - Shroud of Golubria             Charms/Translocation         2
   c - Song of Slaying                Charms                       2
   d - Spectral Weapon                Hexes/Charms                 3
   e - Regeneration                   Charms/Necromancy            3
Comestibles
 r - a fruit
 v - 4 bread rations


   Skills:
 - Level 3.3 Fighting
 + Level 0.8(1.4) Axes
 + Level 2.0(2.1) Maces & Flails
 + Level 0.1 Throwing
 + Level 4.2 Dodging
 + Level 0.5 Stealth
 + Level 3.4 Shields


You had 3 spell levels left.
You knew the following spells:

 Your Spells              Type           Power        Failure   Level  Hunger
a - Animate Skeleton      Necr           N/A          99%         1    ##.....
b - Beastly Appendage     Trmt           #.....       99%         1    ##.....


Dungeon Overview and Level Annotations

Branches:
Dungeon (5/15)
 Temple: D:4-7

Altars:
Gozag
Kikubaaqudgha
Sif Muna
Vehumet

Annotations:
D:4 Rayvis's ghost, amateur OpAs


Innate Abilities, Weirdness & Mutations

You are too large for most types of armour.
You have claws for hands.
Your metabolism is lightning-fast.
You like to eat raw meat.
You heal very quickly.
You are covered in fur (AC +1).
You have very tough skin (AC +2).


Message History

The jackal barks!
You hit the giant gecko skeleton.
You destroy the giant gecko skeleton!
The orc priest mumbles some strange prayers to Beogh against you.
Pain shoots through your body!
* * * LOW HITPOINT WARNING * * *
You closely miss the orc priest. The orc priest completely misses you.
A jackal comes into view.
You hit the orc priest.
The orc priest is lightly wounded.
The orc priest mumbles some strange prayers to Beogh against you.
Something smites you!
* * * LOW HITPOINT WARNING * * *
Drink which item? (? for menu, Esc to quit)
It was a potion of resistance.
You feel protected.
The orc priest hits you with a whip of freezing!
* * * LOW HITPOINT WARNING * * *
The orc priest freezes you.
You die...

... ##.## ...
#######h####.##
......hoh....).
.######o###....
...#h# .
#.###.#o#
#......@##
#..##....#
...#....#
........#
.........#
.........#
...#.....#
...#.....# ##
##....#


You could see 2 orc priests, an orc and 4 jackals.

Vanquished Creatures
  An ogre (D:3)
  A hound (D:5)
  Ijyb (D:2)
  An iguana (D:4)
  Robin (D:2)
  5 adders
  A shadow imp (D:3)
  2 worms
  4 giant geckos
  An orc (D:5)
  2 ball pythons
  10 goblins
  12 hobgoblins
  2 jackals (D:1)
  4 bats
  A giant cockroach (D:3)
  A giant gecko skeleton (D:5)
  4 giant newts
  5 kobolds
  7 rats
66 creatures vanquished.

Notes
Turn   | Place    | Note
--------------------------------------------------------------
     0 | D:1      | evilmojo the Troll Fighter began the quest for the Orb.
     0 | D:1      | Reached XP level 1. HP: 22/22 MP: 0/0
   162 | D:1      | Reached XP level 2. HP: 29/29 MP: 1/1
   956 | D:2      | Reached XP level 3. HP: 31/36 MP: 2/2
  1235 | D:2      | Found a deep blue altar of Sif Muna.
  1237 | D:2      | Found a radiant altar of Vehumet.
  1237 | D:2      | Found an ancient bone altar of Kikubaaqudgha.
  1242 | D:2      | Identified Sif Muna's Guide on Shape Shifting
  1254 | D:2      | Identified Kikubaaqudgha's Disquisition on Black Magic
  1263 | D:2      | Identified Vehumet's Guide on Arcane Weapons
  1285 | D:2      | Learned a level 1 spell: Animate Skeleton
  1359 | D:2      | Noticed Ijyb
  1371 | D:2      | Killed Ijyb
  1371 | D:2      | Reached skill level 3 in Fighting
  1371 | D:2      | Reached XP level 4. HP: 42/45 MP: 3/3
  1381 | D:2      | Noticed Robin
  1403 | D:2      | Killed Robin
  1814 | D:3      | HP: 2/45 [worm (6)]
  1983 | D:3      | Reached XP level 5. HP: 47/53 MP: 4/4
  2182 | D:4      | Noticed an ogre
  2184 | D:4      | Noticed Rayvis's ghost (amateur OpAs)
  2221 | D:3      | Killed an ogre
  2221 | D:3      | Reached skill level 4 in Dodging
  2237 | D:3      | Learned a level 1 spell: Beastly Appendage
  2474 | D:4      | Reached XP level 6. HP: 50/61 MP: 5/5
  2600 | D:5      | Entered Level 5 of the Dungeon
  2613 | D:5      | Found an opulent altar of Gozag.
  2700 | D:5      | HP: 2/61 [orc priest/whip of freezing (8)]
  2700 | D:5      | Slain by an orc priest

Vault maps used:
D:1:      tarquinn_simple_flora_water_e, kennysheep_boxes
D:2:      grunt_temple_overflow_magic_moments, uniq_iyjb, uniq_robin
D:3:      minitemple, first_bread
D:5:      kennysheep_mini_moat, basic_altar, hangedman_abyss_or_decor_stabs,
          dk_noncrumbling_3, uniq_grinder

Action                   |  1- 3 |  4- 6 || total
-------------------------+-------+-------++-------
Melee: Flail             |    90 |       ||    90
       Hand axe          |    22 |   119 ||   141
Throw: Stone             |     2 |     4 ||     6
  Use: Scroll            |     2 |     1 ||     3
       Potion            |       |     8 ||     8
 Stab: Invisible         |       |     1 ||     1
  Eat: Bread ration      |     2 |       ||     2
       Fruit             |       |     3 ||     3
       Royal jelly       |       |     1 ||     1
       Pizza             |       |     1 ||     1
       Beef jerky        |       |     1 ||     1
       Meat ration       |       |     1 ||     1
